 Dungeon Crawl Stone Soup version 0.28-a0-406-g4bac719ec2 (webtiles) character file.

Game seed: 6384764417086152299

14000 Musti the Cleaver (level 11, -8/90 (99) HPs)
             Began as a Minotaur Fighter on Sept 5, 2021.
             Was an Elder of Okawaru.
             Killed from afar by Josephine (27 damage)
             ... with a ghostly fireball
             ... on level 12 of the Dungeon.
             The game lasted 00:20:08 (15644 turns).

Musti the Cleaver (Minotaur Fighter)               Turns: 15644, Time: 00:20:09

HP:   -8/90 (99)    AC: 14    Str: 24      XL:     11   Next: 83%
MP:   10/10         EV:  8    Int:  5      God:    Okawaru [****..]
Gold: 729           SH: 15    Dex:  8 (10) Spells: 10/10 levels left

rFire   . . .      SeeInvis .   r - +0 broad axe
rCold   . . .      Faith    .   p - +1 tower shield
rNeg    . . .      Spirit   .   b - +1 scale mail
rPois   .          Reflect  .   (helmet restricted)
rElec   .          Harm     .   C - +0 cloak
rCorr   .          Rampage  .   h - +2 pair of gloves
Will    +....                   (no boots)
Stlth   ..........              e - amulet of the acrobat
HPRegen 0.25/turn               m - ring of willpower
MPRegen 0.12/turn               (no ring)

@: mighty, drained
A: horns 2, retaliatory headbutt
a: Renounce Religion, Heroism, Finesse


You were on level 12 of the Dungeon.
You worshipped Okawaru.
Okawaru was greatly pleased with you.
You visited 2 branches of the dungeon, and saw 13 of its levels.
You also visited: Ossuary.

You collected 729 gold pieces.

Inventory:

Hand Weapons
 a - a +1 war axe
 r - a +0 broad axe (weapon)
Missiles
 B - a throwing net (quivered)
Armour
 b - a +1 scale mail (worn)
 c - a +0 buckler
 h - a +2 pair of gloves (worn)
 p - a +1 tower shield (worn)
 C - a +0 cloak (worn)
Jewellery
 e - an amulet of the acrobat (around neck)
 m - a ring of willpower (left hand)
 t - an amulet of reflection
Wands
 u - a wand of flame (36)
 x - a wand of acid (16)
 y - a wand of paralysis (10)
Potions
 f - 4 potions of lignification
 g - 3 potions of berserk rage
 i - a potion of haste {unknown}
 j - a potion of resistance {unknown}
 k - 4 potions of curing
 l - 8 potions of degeneration
 n - 5 potions of brilliance
 o - 2 potions of flight {unknown}
 s - 2 potions of attraction
 w - 3 potions of ambrosia
 z - a potion of magic {unknown}
 A - 2 potions of mutation {unknown}


   Skills:
 + Level 9.9 Fighting
 + Level 14.9 Axes
 + Level 10.5 Armour
 + Level 5.8 Dodging
 - Level 0.3 Stealth
 + Level 9.0 Shields


You had 10 spell levels left.
You didn't know any spells.
Your spell library contained the following spells:

 Spells                   Type           Power      Damage    Failure   Level
 Passage of Golubria      Tloc           N/A        N/A       100%        4
 Silence                  Hex/Air        0%         N/A       100%        5
 Eringya's Noxious Bog    Tmut/Pois      0%         N/A       100%        6
 Lehudib's Crystal Spear  Conj/Erth      0%         10d2      100%        8
 Summon Forest            Summ/Tloc      Unusable   N/A       N/A         5
 Summon Hydra             Summ           Unusable   N/A       N/A         7

Dungeon Overview and Level Annotations

Branches:
Dungeon (12/15)            Temple (1/1) D:5            Lair (0/6) D:11
    Orc (0/2) D:11        Ossuary (visited)

Altars:
Ashenzari
Cheibriados
Dithmenos
Elyvilon
Fedhas
Gozag
Hepliaklqana
Kikubaaqudgha
Makhleb
Nemelex Xobeh
Okawaru
Qazlal
Ru
Sif Muna
Trog
Uskayaw
Vehumet
Wu Jian
Xom
Yredelemnul
Zin
The Shining One
Lugonu

Shops:
D:5 :

Annotations:
D:10 3 runed translucent doors, mora's ghost, journeyman SpBr
D:12 Josephine


Innate Abilities, Weirdness & Mutations

You have a pair of horns on your head.
You reflexively headbutt those who attack you in melee.


Message History

4 large rocks; an acid dragon corpse Josephine grins evilly.
Things that are here:
a +0 spear; a gnoll corpse Josephine screams, "I have something special for you."
Josephine casts a spell at you.
The ghostly flame explodes!
The ghostly fireball engulfs you!
You feel drained.
* * * LOW HITPOINT WARNING * * *
You feel better.
You feel very mighty all of a sudden. Josephine misses you.
Unknown command.
You completely miss Josephine. You block Josephine's attack.
You slash Josephine! You headbutt Josephine.
Josephine is moderately wounded.
You block Josephine's attack.
Unknown command.
You slice Josephine!!
Josephine is heavily wounded.
You block Josephine's attack.
Unknown command.
You closely miss Josephine.
Josephine is heavily wounded.
You block Josephine's attack.
You closely miss Josephine. Your headbutt misses Josephine.
Josephine is heavily wounded.
You block Josephine's attack.
You slash Josephine! Your headbutt misses Josephine.
Josephine is heavily wounded.
You slash the wraith! You block Josephine's attack. The wraith hits you!
* * * LOW HITPOINT WARNING * * *
You block the wraith's attack. You block Josephine's attack.
Unknown command.
You hit Josephine. You headbutt Josephine!!
Josephine is almost dead.
You slash the wraith! Josephine casts a spell at you.
The ghostly flame explodes!
The ghostly fireball engulfs you!!
You feel drained.
You die...

#+#########...........#
#.......#... ..#...........#
#.......#... ...########....#
#.......#..# #.. #.....
#.......#..# #.# ###.....
#.......#..# #.# #.......
........#..# #.# #.......
........#..#####.+ #.......
........#....@@..#####.#.......
........(...)W.........#.......
........#..........#####.....(.
........#.....######...........
....(...#######................
...............................
...............................
###...........>................
##..................<........


You could see Josephine and a wraith.

Vanquished Creatures
  A centaur warrior (D:12)
  2 two-headed ogres
  Pikel (D:6)
  3 deep elf pyromancers
  2 cyclopes
  Maurice (D:9)
  A gargoyle (D:10)
  2 kobold demonologists
  2 trolls
  4 slime creatures
  Prince Ribbit (D:8)
  A hornet (D:7)
  A vampire (D:12)
  9 yaks
  A wraith (D:9)
  3 steam dragons
  A water moccasin (D:8)
  2 acid dragons
  4 orc warriors
  2 black bears (D:7)
  A sky beast (D:7)
  An ice beast (D:7)
  A necrophage (D:6)
  8 centaurs
  4 ogres
  A phantom (D:5)
  2 lemures (D:6)
  An elf zombie (D:5)
  Blork the orc (D:6)
  A bullfrog (D:7)
  2 wyvern zombies
  A gnoll sergeant (D:11)
  2 scorpions
  5 howler monkeys
  10 centaur zombies
  A human zombie (D:5)
  A centaur skeleton (D:7)
  3 hounds
  5 jellies
  3 orc priests
  11 iguanas
  4 orc wizards
  2 killer bee zombies
  A hound zombie (D:5)
  A hound skeleton (D:4)
  3 mummies (Ossuary)
  10 gnolls
  3 adders
  3 shadow imps
  3 white imps
  An ufetubus (D:4)
  5 adder zombies (Ossuary)
  2 adder skeletons
  3 worms
  2 dart slugs (D:1)
  20 orcs
  9 endoplasms
  2 giant cockroaches (D:1)
  4 goblins
  8 hobgoblins
  6 kobolds
  6 quokkas
  8 ball pythons
  A frilled lizard (D:1)
  2 goblin zombies (Ossuary)
  A hobgoblin zombie (Ossuary)
  4 kobold zombies (Ossuary)
  3 orc skeletons (D:5)
  An orc zombie (D:5)
  3 quokka zombies (Ossuary)
  8 rats
  3 rat zombies (Ossuary)
241 creatures vanquished.

Vanquished Creatures (others)
  A sky beast (D:6)
  An orc wizard (D:9)
2 creatures vanquished.

Grand Total: 243 creatures vanquished

Notes
Turn   | Place    | Note
-------+----------+-------------------------------------------
     0 | D:1      | Musti the Minotaur Fighter began the quest for the Orb.
     0 | D:1      | Reached XP level 1. HP: 19/19 MP: 0/0
   178 | D:1      | Reached XP level 2. HP: 27/27 MP: 1/1
   760 | D:1      | Reached XP level 3. HP: 23/33 MP: 2/2
  1575 | D:2      | Reached skill level 3 in Axes
  1999 | D:3      | Reached XP level 4. HP: 40/40 MP: 3/3
  2169 | D:3      | Reached skill level 4 in Axes
  2227 | D:3      | Reached skill level 1 in Dodging
  2231 | D:3      | Reached XP level 5. HP: 36/47 MP: 4/4
  2840 | D:4      | Reached skill level 5 in Axes
  3065 | D:4      | Reached skill level 5 in Armour
  3065 | D:4      | Reached XP level 6. HP: 53/53 MP: 5/5
  3131 | D:4      | Found a sacrificial altar of Ru.
  3358 | D:4      | Found an ancient bone altar of Kikubaaqudgha.
  3727 | D:5      | Entered Level 5 of the Dungeon
  3780 | D:5      | Reached skill level 6 in Axes
  3835 | D:5      | Found a sand-covered staircase.
  3847 | Ossuary  | Entered an ossuary
  4030 | Ossuary  | Reached XP level 7. HP: 60/60 MP: 6/6
  4237 | D:5      | Found Zigees's Book Boutique.
  4306 | D:5      | Reached skill level 7 in Axes
  4407 | D:5      | Reached skill level 5 in Fighting
  5035 | D:5      | Reached skill level 8 in Axes
  5167 | D:5      | Found a staircase to the Ecumenical Temple.
  5177 | Temple   | Entered the Ecumenical Temple
  5653 | D:6      | Reached XP level 8. HP: 39/68 MP: 7/7
  6106 | D:6      | Noticed Pikel
  6330 | D:6      | Found a radiant altar of Vehumet.
  6458 | D:6      | Noticed Blork the orc
  6469 | D:6      | Killed Blork the orc
  6470 | D:6      | Reached skill level 9 in Axes
  6623 | D:6      | Killed Pikel
  6624 | D:6      | Reached skill level 10 in Axes
  6624 | D:6      | Reached skill level 5 in Shields
  6873 | D:6      | Found a shimmering blue altar of Sif Muna.
  6994 | D:6      | Reached XP level 9. HP: 43/75 MP: 8/8
  7314 | D:6      | Found a sparkling altar of Nemelex Xobeh.
  7314 | D:6      | Found an opulent altar of Gozag.
  7811 | D:7      | Reached skill level 11 in Axes
  8139 | D:7      | Paralysed by a hornet for 1 turns
  8526 | D:7      | Found a burning altar of Makhleb.
  8804 | D:7      | Found a shadowy altar of Dithmenos.
  8947 | D:7      | Found a shimmering altar of Xom.
  8999 | D:7      | Reached skill level 12 in Axes
  9066 | D:8      | Reached XP level 10. HP: 59/86 MP: 9/9
  9367 | D:8      | Noticed Prince Ribbit
  9384 | D:8      | Killed Prince Ribbit
  9487 | D:8      | Found a basalt altar of Yredelemnul.
  9545 | D:8      | Found an iron altar of Okawaru.
  9575 | D:8      | Became a worshipper of Warmaster Okawaru
  9680 | D:8      | You fall into a shaft and drop 3 floors!
  9968 | D:11     | Noticed a deep elf pyromancer
 10024 | D:11     | Killed a deep elf pyromancer
 10029 | D:11     | Reached * piety under Okawaru
 10120 | D:11     | Found a staircase to the Orcish Mines.
 10144 | D:11     | Found a staircase to the Lair.
 10169 | D:10     | Entered Level 10 of the Dungeon
 10187 | D:9      | Noticed a deep elf pyromancer
 10195 | D:9      | Killed a deep elf pyromancer
 10315 | D:8      | Found a glowing silver altar of Zin.
 10316 | D:8      | Noticed an angel
 10578 | D:9      | Found a bloodstained altar of Trog.
 10759 | D:8      | Reached skill level 13 in Axes
 11002 | D:9      | Found a broken altar of Ashenzari.
 11002 | D:9      | Found a stormy altar of Qazlal.
 11127 | D:9      | Reached ** piety under Okawaru
 11128 | D:9      | Reached skill level 5 in Dodging
 11352 | D:9      | Noticed Maurice
 11435 | D:9      | Killed Maurice
 11578 | D:10     | Noticed a cyclops
 11578 | D:10     | Found a runed translucent gate.
 11578 | D:10     | Found a runed translucent gate.
 11578 | D:10     | Found a runed translucent gate.
 11624 | D:10     | Noticed mora's ghost (journeyman SpBr)
 11729 | D:10     | Noticed a gargoyle
 11736 | D:10     | Killed a gargoyle
 11906 | D:10     | Noticed a two-headed ogre
 11914 | D:10     | Killed a two-headed ogre
 11914 | D:10     | Reached *** piety under Okawaru
 11915 | D:10     | Reached XP level 11. HP: 72/95 MP: 10/10
 12108 | D:10     | Noticed a deep elf pyromancer
 12113 | D:10     | Killed a deep elf pyromancer
 12242 | D:10     | Reached skill level 14 in Axes
 12989 | D:11     | Noticed a two-headed ogre
 13003 | D:11     | Killed a two-headed ogre
 13004 | D:11     | Reached skill level 10 in Armour
 14152 | D:12     | Reached **** piety under Okawaru
 14819 | D:12     | Noticed a centaur warrior
 14836 | D:12     | Killed a centaur warrior
 15154 | D:12     | Noticed Josephine
 15644 | D:12     | Killed from afar by Josephine

Illustrated notes

Levels and vault maps discovered:
D:1:      tarquinn_simple_flora_water_a, layout_basic
D:2:      layout_basic
D:3:      layout_rooms
D:4:      layout_rooms, nicolae_ru_path_of_blood, kiku_gazebo_pond_becter
D:5:      layout_gridville, minmay_temple_entry_butterflies,
          nicolae_ossuary_entry_catacombs, serial_shops, shop
D:6:      layout_layer_cave, grunt_temple_overflow_opulence,
          mainiacjoe_overflow_small_starburst, fiery_altar_vehumet,
          amcnicky_mini_pool_small, uniq_pikel, uniq_blork_the_orc
D:7:      layout_basic, mainiacjoe_overflow_catwalk,
          mainiacjoe_overflow_alcove_4, lemuel_tele_altar, minmay_joined_circles
D:8:      layout_basic, okawaru_gym_becter, zin_angel, kennysheep_mini,
          uniq_prince_ribbit1
D:9:      layout_irregular_city, gammafunk_temple_overflow_statue,
          trog_hazing_becter, lemuel_old_faithful, uniq_maurice
D:10:     layout_roguey, gammafunk_ghost_split, hangedman_decor_riveting,
          kennysheep_generic_room_10
D:11:     layout_irregular_city, lair_entry_dummy, orc_0_dummy, serial_glass,
          glass_columns_c, glass_columns_a
D:12:     kennysheep_room_grid, layout_irregular_city, serial_shops,
          nicolae_square_shop, hellmonk_guarded_unrand_vitality_bloodlust,
          uniq_josephine
Temple:   corrupted_temple

Skill      XL: |  1  2  3  4  5  6  7  8  9 10 11 |
---------------+----------------------------------+-----
Shields        | 4 5 6 7 9 |  9.0
Fighting       | 4 5 6 7 8 9 |  9.9
Armour         | 4 5 6 7 8 9 10 | 10.5
Axes           | 3 4 5 6 8 10 12 13 14 | 14.9
Dodging        | 1 2 3 4 5 |  5.8
Stealth        | |  0.3

Action                   |  1- 3 |  4- 6 |  7- 9 | 10-12 || total
-------------------------+-------+-------+-------+-------++-------
Melee: War axe           |    79 |   127 |   125 |       ||   331
       Headbutt          |    10 |    24 |    53 |    66 ||   153
       Broad axe         |       |       |   135 |   286 ||   421
  Use: Scroll            |     3 |     4 |    14 |     6 ||    27
       Potion            |       |       |       |     7 ||     7
Armor: Scale mail        |    32 |    37 |   139 |   154 ||   362
Dodge: Dodged            |    46 |    93 |   207 |   177 ||   523
Block: Buckler           |    25 |    31 |    80 |    27 ||   163
       Tower shield      |       |       |       |   186 ||   186

Table legend: (Time is in decaauts)
 A = Elapsed time spent in this place.
 B = Non-inter-level travel time spent in this place.
 C = Inter-level travel time spent in this place.
 D = Time resting spent in this place.
 E = Time spent auto-exploring this place.
 F = Levels seen in this place.
 G = Mean time per level.
                   A        B        C        D        E       F      G
               +--------+--------+--------+--------+--------+-----+--------+
         Total |  15792 |  15379 |    413 |   2767 |   9540 |  14 | 1128.0 |
       Dungeon |  15287 |  14874 |    413 |   2507 |   9515 |  12 | 1273.9 |
        Temple |    189 |    189 |      0 |    100 |     25 |   1 |  189.0 |
       Ossuary |    315 |    315 |      0 |    160 |      0 |   1 |  315.0 |
               +--------+--------+--------+--------+--------+-----+--------+

Top non-repeatable levels by time:
     D:6: 2157 daAuts
    D:11: 2046 daAuts
    D:10: 1418 daAuts
     D:7: 1337 daAuts
     D:5: 1327 daAuts
     D:1: 1225 daAuts
    D:12: 1163 daAuts
     D:8: 1073 daAuts
     D:9: 980 daAuts
     D:4: 979 daAuts
     D:3: 816 daAuts
     D:2: 762 daAuts
 Ossuary: 315 daAuts
  Temple: 189 daAuts
